 Dungeon Crawl Stone Soup version 0.30-a0-187-gd9c2deaf24 (webtiles) character file.

Game seed: 12648196264600395252

541 mdonais the Trooper (level 7, -4/64 HPs)
             Began as a Meteoran Monk on Oct 4, 2022.
             Slain by a mummy (10 damage)
             ... in an ossuary.
             The game lasted 00:11:20 (745 turns).

mdonais the Trooper (Meteoran Monk)                  Turns: 745, Time: 00:11:20

Health: -4/64      AC:  9    Str: 16    XL:     7   Next: 82%
Magic:  8/8        EV:  8    Int: 11    God:
Gold:   153        SH:  0    Dex: 16    Spells: 6/6 levels left

rFire   . . .      SeeInvis .    a - +0 hand axe
rCold   . . .      Faith    .    (no shield)
rNeg    . . .      Spirit   .    q - +0 chain mail
rPois   .          Reflect  .    (no helmet)
rElec   .          Harm     .    (no cloak)
rCorr   .          Rampage  .    (no gloves)
Will    .....                    (no boots)
Stlth   ..........               (no amulet)
HPRegen 0.30/turn                e - ring of wizardry
MPRegen 0.11/turn                (no ring)

@: glowing
A: sense surroundings 1, otherworldly, glowing, explore regen
a: no special abilities


You were in an ossuary.
You visited 1 branch of the dungeon, and saw 4 of its levels.
You also visited: Ossuary.

You collected 153 gold pieces.

Inventory:

Hand Weapons
 a - a +0 hand axe (weapon)
 d - a +0 vorpal flail
   (You took it off an orc on level 3 of the Dungeon)
Missiles
 m - 10 poisoned darts (quivered)
 u - 2 silver boomerangs
Armour
 n - a +0 ring mail
   (You took it off an orc on level 3 of the Dungeon)
 q - a +0 chain mail (worn)
   (You took it off Ijyb on level 4 of the Dungeon)
Jewellery
 e - a ring of wizardry (left hand)
   (You found it on level 1 of the Dungeon)
Wands
 V - a wand of flame (25)
   (You took it off Ijyb on level 4 of the Dungeon)
Scrolls
 g - a scroll of brand weapon {unknown}
 h - a scroll of identify {unknown}
 i - a scroll of fear {unknown}
 k - a scroll of amnesia {unknown}
 l - a scroll of enchant weapon {unknown}
 p - a scroll of enchant armour {unknown}
Potions
 c - 2 potions of ambrosia


   Skills:
 + Level 6.8 Fighting
 - Level 5.5 Axes
 - Level 4.0 Armour
 - Level 4.0 Dodging
 - Level 1.4 Stealth


You had 6 spell levels left.
You didn't know any spells.
Your spell library contained the following spells:

 Spells                   Type           Power      Damage    Failure   Level
 Tukima's Dance           Hex            0%         N/A       99%         3
 Passage of Golubria      Tloc           0%         N/A       100%        4
 Yara's Violent Unravell  Hex/Tmut       0%         3d3       100%        5


Dungeon Overview and Level Annotations

Branches:
Dungeon (4/15) Zot: 1661  Ossuary (1/1) Zot: 580
 Temple: D:4-7

Altars:


Innate Abilities, Weirdness & Mutations

You passively map a small area around you.
You are easily found by Zot.
You glow in the dark.
You regain HP and MP as you explore.


Message History

The elf zombie is severely damaged.
You hit the elf zombie but do no damage.
You closely miss the hound zombie. You barely miss the kobold zombie.
You closely miss the hound zombie. You hit the gnoll zombie.
You hit the goblin zombie. You barely miss the hobgoblin zombie.
Your water moccasin skeleton bites the elf zombie.
The hound zombie completely misses you.
Your wyvern skeleton closely misses the elf zombie.
The hobgoblin zombie barely misses you. The hound zombie closely misses you.
The elf zombie hits you. The elf zombie completely misses you.
The gnoll zombie hits you. The kobold zombie barely misses you.
The goblin zombie completely misses you.
Your water moccasin skeleton bites the elf zombie!
You take 3 damage, and have 53/63 hp.
You hit the elf zombie.
The elf zombie is severely damaged.
You hit the hound zombie but do no damage.
You hit the gnoll zombie. You completely miss the goblin zombie.
You hit the hobgoblin zombie. You hit the elf zombie.
You barely miss the hound zombie. You hit the kobold zombie.
The hound zombie barely misses you.
Your wyvern skeleton bites the elf zombie!
The hound zombie bites you but does no damage.
The gnoll zombie closely misses you.
The elf zombie hits your wyvern skeleton.
Your water moccasin skeleton bites the elf zombie.
The kobold zombie barely misses you.
The elf zombie hits you but does no damage.
The hobgoblin zombie hits you but does no damage.
The goblin zombie hits you but does no damage.
You hit the elf zombie.
The elf zombie is almost destroyed.
You hit the kobold zombie.
You destroy the kobold zombie!
You hit the hound zombie but do no damage.
You hit the gnoll zombie.
You hit the goblin zombie but do no damage.
You hit the hobgoblin zombie.
You destroy the hobgoblin zombie!
You hit the elf zombie but do no damage.
You hit the hound zombie.
The hound zombie bites you but does no damage.
Your wyvern skeleton barely misses the elf zombie.
The hound zombie bites you.
Your water moccasin skeleton bites the elf zombie!
The hound zombie closely misses you.
Your wyvern skeleton barely misses the elf zombie.
The hound zombie bites you but does no damage.
The gnoll zombie hits you but does no damage.
The elf zombie hits you but does no damage. x2
The goblin zombie hits you but does no damage.
You take 1 damage, and have 53/63 hp.
You hit the elf zombie.
You destroy the elf zombie!
You hit the orc zombie. You closely miss the hound zombie.
You hit the gnoll zombie. You hit the goblin zombie. You hit the elf zombie. x2
You hit the hound zombie.
Your water moccasin skeleton bites the elf zombie.
The hound zombie bites you.
Your wyvern skeleton bites the gnoll zombie!
The gnoll zombie is destroyed!
The hound zombie bites you but does no damage.
The elf zombie hits you but does no damage.
You closely miss the elf zombie.
The elf zombie is heavily damaged.
You hit the goblin zombie.
You destroy the goblin zombie!
You hit the elf zombie. You hit the hound zombie.
You completely miss the orc zombie. You hit the hound zombie.
Your water moccasin skeleton closely misses the elf zombie.
The hound zombie closely misses you.
The hound zombie bites you but does no damage.
The orc zombie hits you but does no damage.
The elf zombie hits you.
Your water moccasin skeleton misses the elf zombie.
The hound zombie bites you but does no damage.
Your wyvern skeleton bites the elf zombie!
You take 5 damage, and have 48/64 hp.
You barely miss the elf zombie.
The elf zombie is severely damaged.
You hit the rat zombie. You closely miss the elf zombie.
You hit the hound zombie. You hit the orc zombie.
You closely miss the hound zombie. The hound zombie bites you.
The elf zombie hits you.
The orc zombie hits you but does no damage.
The rat zombie bites you.
The elf zombie hits you but does no damage.
The hound zombie bites you.
Your water moccasin skeleton bites the elf zombie.
Your wyvern skeleton bites the elf zombie but does no damage.
The hound zombie bites you but does no damage.
The mummy closely misses your water moccasin skeleton.
You take 9 damage, and have 39/64 hp.
You catch the helpless elf zombie completely off-guard!
You hit the elf zombie.
The elf zombie is severely damaged.
You hit the hound zombie. You barely miss the rat zombie.
You hit the elf zombie.
You hit the hound zombie but do no damage.
You hit the orc zombie but do no damage.
The hound zombie bites you.
Your wyvern skeleton bites the elf zombie.
The elf zombie hits you but does no damage.
The hound zombie bites you but does no damage.
Your water moccasin skeleton barely misses the elf zombie.
The rat zombie bites you but does no damage.
The orc zombie barely misses you. The elf zombie hits you.
You take 5 damage, and have 34/64 hp.
You hit the elf zombie.
The elf zombie is almost destroyed.
You hit the hound zombie. You hit the orc zombie.
You destroy the orc zombie!
You hit the hound zombie. You hit the rat zombie.
You hit the elf zombie but do no damage.
The hound zombie bites you but does no damage.
Your wyvern skeleton bites the elf zombie!
The elf zombie is destroyed!
The hound zombie bites you.
The rat zombie bites you but does no damage.
The mummy closely misses your water moccasin skeleton.
Training target 4.0 for Armour reached!
Your Armour skill increases to level 4!
You take 1 damage, and have 33/64 hp.
You slash the rat zombie!
You destroy the rat zombie!
You hit the mummy. You hit the hound zombie.
You hit the hound zombie but do no damage.
The hound zombie closely misses you.
Your wyvern skeleton bites the hound zombie!
The hound zombie is destroyed!
Your water moccasin skeleton bites the mummy.
The hound zombie bites you but does no damage.
Your wyvern skeleton bites the hound zombie!
The hound zombie is destroyed!
You hit the mummy but do no damage.
The mummy is lightly damaged.
Your water moccasin skeleton bites the mummy.
The mummy hits your water moccasin skeleton!
Your water moccasin skeleton bites the mummy but does no damage.
You hit the mummy.
The mummy is heavily damaged.
You hit the mummy but do no damage. You hit the mummy.
The elf zombie hits your water moccasin skeleton.
Your water moccasin skeleton bites the elf zombie.
The mummy hits you!
* * * LOW HITPOINT WARNING * * *
The mummy hits you!
* * * LOW HITPOINT WARNING * * *
The mummy hits you!
You die...

............... ,
, ,
................ ,
...............# *
,
*...............#*
, , ,
................ ,
................ *
, .......∩........
.......M.MZ..... ,
.......M@ZZ.....
,*
..........M..... ,
................,
, ................
, ,*
...............# *
...............# ,
, ................
, ...............
,


You could see 4 mummies, an elf zombie (ally target), a friendly water moccasin
skeleton (summoned) and a friendly wyvern skeleton (summoned).

Vanquished Creatures
  A black bear (D:4)
  An elf zombie (Ossuary)
  2 elf skeletons (D:4)
  An orc priest (D:3)
  2 orc wizards (D:3)
  An adder (D:3)
  2 worms
  2 dart slugs
  8 orcs
  3 endoplasms
  2 goblins (D:2)
  2 hobgoblins
  4 jackals (D:1)
  3 quokkas
  2 ball pythons
  6 bats (D:2)
  2 frilled lizards
  2 goblin zombies (Ossuary)
  A hobgoblin zombie (Ossuary)
  5 kobolds
  A kobold zombie (Ossuary)
  3 orc skeletons (D:4)
  2 orc zombies
  A rat (D:1)
  A rat zombie (Ossuary)
60 creatures vanquished.

Vanquished Creatures (collateral kills)
  An elf zombie (Ossuary)
  Ijyb (D:4)
  2 hound zombies (Ossuary)
  A gnoll zombie (Ossuary)
5 creatures vanquished.

Grand Total: 65 creatures vanquished

Notes
Turn   | Place    | Note
-------+----------+-------------------------------------------
     0 | D:1      | mdonais the Meteoran Monk began the quest for the Orb.
     0 | D:1      | Reached XP level 1. HP: 19/19 MP: 2/2
    39 | D:1      | Reached XP level 2. HP: 15/26 MP: 3/3
   111 | D:1      | Found a faded altar of an unknown god.
   200 | D:2      | Reached XP level 3. HP: 25/33 MP: 4/4
   300 | D:2      | Reached skill level 4 in Fighting
   364 | D:3      | Reached XP level 4. HP: 12/40 MP: 5/5
   372 | D:3      | Reached skill level 5 in Axes
   375 | D:3      | Reached XP level 5. HP: 43/47 MP: 6/6
   421 | D:3      | Reached skill level 5 in Fighting
   619 | D:4      | Noticed a black bear
   622 | D:4      | Noticed Ijyb
   626 | D:4      | Killed a black bear
   627 | D:4      | Reached skill level 1 in Armour
   627 | D:4      | Reached XP level 6. HP: 56/56 MP: 7/7
   629 | D:4      | Killed Ijyb
   671 | D:4      | Found a sand-covered staircase.
   698 | D:4      | Reached XP level 7. HP: 47/62 MP: 8/8
   719 | D:4      | Reached skill level 6 in Fighting
   727 | Ossuary  | Entered an ossuary
   745 | Ossuary  | Slain by a mummy

Illustrated notes

Levels and vault maps discovered:
D:1:      psy_arrival_fountain, layout_basic, ebering_ecumenical_altar_box,
          minmay_tetromino_o2
D:2:      layout_rooms, grunt_ministairs_13, uniq_terence
D:3:      layout_rooms, patterned_corridor
D:4:      layout_cave_pools, nicolae_overflow_two_pavilions, serial_shops, shop,
          nicolae_ossuary_entry_catacombs, minmay_misc_feat_pillars,
          minivault_4, minivault_26, uniq_robin, uniq_ijyb, uniq_natasha
Ossuary:  ossuary_minmay_tomb_2a

Skill      XL: |  1  2  3  4  5  6  7 |
---------------+----------------------+-----
Axes           | 4 5 |  5.5
Fighting       | 4 5 6 |  6.8
Armour         | 1 2 4 |  4.0
Dodging        | 4 |  4.0
Stealth        | |  1.4

Action                   |  1- 3 |  4- 6 |  7- 9 || total
-------------------------+-------+-------+-------++-------
Melee: Hand axe          |    92 |    89 |    33 ||   214
       Punch             |       |       |     1 ||     1
  Use: Potion            |     1 |     3 |     1 ||     5
       Scroll            |       |     1 |     2 ||     3
 Stab: Distracted        |       |       |     1 ||     1
Armor: Robe              |    22 |       |       ||    22
       Skin              |     8 |   105 |       ||   113
       Ring mail         |       |     6 |       ||     6
       Chain mail        |       |     6 |    36 ||    42
Dodge: Dodged            |    46 |    36 |    19 ||   101

Table legend: (Time is in decaauts)
 A = Elapsed time spent in this place.
 B = Non-inter-level travel time spent in this place.
 C = Inter-level travel time spent in this place.
 D = Time resting spent in this place.
 E = Time spent auto-exploring this place.
 F = Levels seen in this place.
 G = Mean time per level.
                   A        B        C        D        E       F      G
               +--------+--------+--------+--------+--------+-----+--------+
         Total |    756 |    734 |     22 |      0 |      0 |   5 |  151.2 |
       Dungeon |    738 |    716 |     22 |      0 |      0 |   4 |  184.5 |
       Ossuary |     18 |     18 |      0 |      0 |      0 |   1 |   18.0 |
               +--------+--------+--------+--------+--------+-----+--------+

Top non-repeatable levels by time:
     D:3: 242 daAuts
     D:1: 179 daAuts
     D:2: 160 daAuts
     D:4: 155 daAuts
 Ossuary: 18 daAuts
